[Event "Titled Tuesday Blitz May 24 Early 2022"]
[White "Wadsworth, Matthew J"]
[Black "Tan, Li Ting"]
[WhiteFideId "415804"]
[BlackFideId "5704820"]
[WhiteElo "2294"]
[BlackElo "1928"]
[Result "1-0"]
[Round "01"]
[TimeControl "180+1"]
[Date "2022.05.25"]
[WhiteClock "0:01:01"]
[BlackClock "0:00:49"]

1. c4 e5 2. g3 c6 3. d4 e4 4. Bg2 d5 5. Nc3 Nf6 6. cxd5 cxd5 7. Bg5 Be7 8. Nh3 Nc6 9. e3 Be6 10. Bxf6 Bxf6 11. Nf4 O-O 12. O-O Qd7 13. f3 exf3 14. Bxf3 Ne7 15. Bg2 Rfd8 16. Qb3 Bg5 17. Rae1 Rac8 18. Nxe6 Qxe6 19. Na4 b6 20. h4 Bf6 21. Kh2 Qd6 22. Qa3 Qxa3 23. bxa3 Rc4 24. Nb2 Rc2 25. Nd3 Rxa2 26. Ra1 Rxa1 27. Rxa1 g5 28. h5 Rc8 29. Rf1 Bg7 30. Nb4 Rc3 31. Nxd5 Nxd5 32. Bxd5 Rxe3 33. Rxf7 Kh8 34. Rxa7 Bxd4 35. h6 Re8 36. Kh3 Be3 37. Kg4 Rf8 38. Be4 Re8 39. Bf5 b5 40. Rxh7+ Kg8 41. Rb7 Rd8 42. Kh5 Rf8 43. Kg6 Rd8 44. Rg7+ Kh8 45. Rh7+ Kg8 46. Be6+ Kf8 47. Rh8+ Ke7 48. Rxd8 Kxd8 49. h7 Bd4 50. Kf7 Kc7 51. Kg8 Kd6 52. Bc8 Kc5 53. h8=Q Bxh8 54. Kxh8 Kc4 55. Kg7 Kb3 56. Bd7 Kxa3 57. Bxb5 Kb4 58. Bd7 Kc3 59. Kf6 Kd4 60. Kxg5 Ke3 61. g4 Kd4 62. Kf6 Kd5 63. g5 Kd6 64. g6 Kxd7 65. g7 Kd6 66. g8=Q Kc5 67. Qe6 Kd4 68. Kf5 Kd3 69. Qe4+ Kd2 70. Kf4 Kd1 71. Qg2 Kc1 72. Ke3 Kb1 73. Kd3 Ka1 74. Kc3 Kb1 75. Qb2# 1-0


[Site "https://www.chess.com"]

[Event "Titled Tuesday Blitz May 24 Early 2022"]
[White "Warchol, Kamil"]
[Black "Cherniaiev, Tykhon"]
[WhiteFideId "21858241"]
[BlackFideId "14182360"]
[WhiteElo "1951"]
[BlackElo "2289"]
[Result "0-1"]
[Round "01"]
[TimeControl "180+1"]
[Date "2022.05.25"]
[WhiteClock "0:00:15"]
[BlackClock "0:00:09"]

1. e4 c5 2. Nf3 e6 3. d4 cxd4 4. Nxd4 a6 5. c4 Nf6 6. Nc3 Qc7 7. f4 d6 8. Bd3 Nc6 9. Nc2 Be7 10. Be3 O-O 11. O-O Re8 12. Rc1 Bd7 13. b4 Rac8 14. Qf3 Qb8 15. a3 e5 16. f5 Kh8 17. h3 b5 18. Nd5 bxc4 19. Bxc4 Nxd5 20. Bxd5 a5 21. Bxf7 Rf8 22. Bd5 axb4 23. Rb1 Bf6 24. Nxb4 Nd4 25. Qf2 Qa7 26. Ra1 Rc3 27. a4 Ne2+ 28. Qxe2 Rxe3 29. Qf2 Bd8 30. Kh1 Bb6 31. Qh4 Rf6 32. Be6 Rh6 33. Qe7 Bxe6 34. fxe6 Qxe7 35. Nd5 Qe8 36. e7 Rf6 37. Nxf6 gxf6 38. Rxf6 Qxe7 39. Raf1 Kg7 40. R6f5 Rg3 41. a5 Bxa5 42. Kh2 Rg6 43. R5f3 Bb6 44. R1f2 Bxf2 45. Rxf2 Qg5 46. Rf7+ Kxf7 0-1


[Site "https://www.chess.com"]

[Event "Titled Tuesday Blitz May 24 Early 2022"]
[White "Winkels, Marcel"]
[Black "Juhasz, Agoston"]
[WhiteFideId "1003887"]
[BlackFideId "778346"]
[WhiteElo "1900"]
[BlackElo "2211"]
[Result "0-1"]
[Round "01"]
[TimeControl "180+1"]
[Date "2022.05.25"]
[WhiteClock "0:00:02"]
[BlackClock "0:01:00"]

1. e4 c5 2. Nc3 e6 3. d4 cxd4 4. Qxd4 Nc6 5. Qe3 a6 6. Bd2 Qc7 7. O-O-O Nf6 8. Nf3 d6 9. h3 Be7 10. g4 b5 11. g5 Nd7 12. h4 Bb7 13. h5 Nce5 14. Nxe5 Nxe5 15. f4 Nc4 16. Bxc4 Qxc4 17. g6 fxg6 18. hxg6 h6 19. Rhf1 Rc8 20. Kb1 b4 21. b3 Qc6 22. Na4 Qxc2+ 23. Ka1 Qxe4 24. Qxe4 Bxe4 25. Rfe1 Bf6+ 26. Nb2 Bxg6 27. Bxb4 Rc2 28. Ba3 Kf7 29. Rxd6 Rhc8 30. Rdd1 h5 31. Rd7+ Kg8 32. Rdd1 h4 33. Rg1 Bf5 0-1


[Site "https://www.chess.com"]

[Event "Titled Tuesday Blitz May 24 Early 2022"]
[White "Xiong, Jeffery"]
[Black "Bettalli, Francesco"]
[WhiteFideId "2047640"]
[BlackFideId "2816453"]
[WhiteElo "2727"]
[BlackElo "2216"]
[Result "1-0"]
[Round "01"]
[TimeControl "180+1"]
[Date "2022.05.24"]
[WhiteClock "0:01:20"]
[BlackClock "0:02:07"]

1. e4 e5 2. Nf3 Nf6 3. Nc3 Bc5 4. Nxe5 Bd4 5. Nf3 Bxc3 6. dxc3 Nxe4 7. Bd3 Nf6 8. O-O O-O 9. c4 d6 10. b3 Bg4 11. h3 Bh5 12. Bb2 Nbd7 13. Re1 Re8 14. g4 Bg6 15. Bf1 Ne4 16. Qd4 Ndf6 17. Bg2 c5 18. Qd1 d5 19. cxd5 Nxd5 20. Ne5 Ndc3 21. Qxd8 Raxd8 22. Nxg6 hxg6 23. f3 Ng3 24. Bxc3 Ne2+ 25. Rxe2 Rxe2 26. Rc1 b5 27. Ba5 Rde8 28. Bf1 Re1 29. Rxe1 Rxe1 30. Bxe1 1-0


[Site "https://www.chess.com"]

[Event "Titled Tuesday Blitz May 24 Early 2022"]
[White "Xu, Yi"]
[Black "Zlatin, Alexander"]
[WhiteFideId "8605564"]
[BlackFideId "2810549"]
[WhiteElo "2471"]
[BlackElo "2228"]
[Result "1-0"]
[Round "01"]
[TimeControl "180+1"]
[Date "2022.05.24"]
[WhiteClock "0:00:42"]
[BlackClock "0:00:22"]

1. e4 e5 2. Nf3 Nc6 3. Bc4 Bc5 4. O-O Nf6 5. d3 d6 6. c3 a5 7. Nbd2 O-O 8. h3 Be6 9. Bb5 h6 10. Re1 Qb8 11. Nf1 Qa7 12. d4 exd4 13. Bxc6 bxc6 14. cxd4 Bb4 15. Re2 Bc4 16. a3 Bxe2 17. Qxe2 Rfe8 18. axb4 Rxe4 19. Be3 a4 20. Ng3 Ree8 21. Qc2 Qa6 22. Nf5 Ne4 23. Re1 Qb5 24. N3h4 a3 25. bxa3 Rxa3 26. Qd1 Qxb4 27. Rf1 Nf6 28. Qf3 Qc4 29. Nxh6+ gxh6 30. Qxf6 Qe6 31. Qf4 Ra5 32. Rc1 Rg5 33. Qf3 Rg7 34. Nf5 Rg6 35. Rxc6 Rf6 36. Qg4+ Rg6 37. Nxh6+ Kh7 38. Qxe6 Rgxe6 39. Nxf7 Kg6 40. Rxc7 Rf6 41. Ng5 Rxe3 42. fxe3 Kxg5 43. Kh2 Kh4 44. Rg7 d5 45. e4 dxe4 46. Rg4+ Kh5 47. Rxe4 Rf2 48. Kg3 Rd2 49. Re5+ Kg6 50. Rd5 Kf6 51. Kf3 Rd3+ 52. Kf4 Rd2 53. g4 Rf2+ 54. Kg3 Rd2 55. Rf5+ Kg6 56. Rf4 Rd1 57. Kh4 Rd2 58. Re4 Rd3 59. Re6+ Kf7 60. Rd6 Ke7 61. Rd5 Ke6 62. Re5+ Kf6 63. Rf5+ Ke6 64. Rf4 Rd2 65. Kg5 Rd3 66. h4 Rd1 67. h5 Rg1 68. h6 Rh1 69. Kg6 Ke7 70. Kg7 Ke8 71. h7 Ke7 72. h8=Q Re1 73. Qf8+ Kd7 74. Qf7+ Kd6 75. Rf6+ Re6 76. Qxe6+ Kc7 1-0


[Site "https://www.chess.com"]

[Event "Titled Tuesday Blitz May 24 Early 2022"]
[White "Yaksin, Oleg"]
[Black "Grischuk, Alexander"]
[WhiteFideId "24105880"]
[BlackFideId "4126025"]
[WhiteElo "2256"]
[BlackElo "2762"]
[Result "0-1"]
[Round "01"]
[TimeControl "180+1"]
[Date "2022.05.24"]
[WhiteClock "0:00:14"]
[BlackClock "0:00:21"]

1. d4 Nf6 2. c4 e6 3. g3 c5 4. d5 exd5 5. cxd5 d6 6. Nc3 g6 7. Bg2 Bg7 8. Nf3 O-O 9. O-O Re8 10. Bf4 Na6 11. Nd2 Nh5 12. Be3 Rxe3 13. fxe3 Qe7 14. Nc4 Bd7 15. a4 Nc7 16. e4 Re8 17. Qd3 a6 18. a5 Nb5 19. e5 Bxe5 20. Nxe5 Qxe5 21. Bf3 Nf6 22. Rac1 h5 23. Kg2 Nd4 24. Rf2 Kg7 25. Rcf1 Re7 26. h4 Bb5 27. Nxb5 Nxb5 28. b3 Nd4 29. Rd1 Nf5 30. e4 Qxg3+ 31. Kf1 Nxh4 32. Bh1 Qxd3+ 33. Rxd3 Ng4 34. Re2 Ne5 35. Rh3 g5 36. Rb2 Kh6 37. b4 c4 38. b5 Nd3 39. Rc2 axb5 40. Re3 Ng6 41. Ra2 Nge5 42. a6 bxa6 43. Rxa6 Rd7 44. Rb6 b4 45. Bf3 Nxf3 46. Rxf3 Kg7 47. Rf5 f6 48. Rf3 b3 49. Ke2 Ne5 50. Rc3 h4 51. Kf2 g4 52. Ke3 h3 53. Kf4 h2 54. Rc1 Nd3+ 0-1


[Site "https://www.chess.com"]

[Event "Titled Tuesday Blitz May 24 Early 2022"]
[White "Yeletsky, Ivan"]
[Black "Perez Rodriguez, Jennifer"]
[WhiteFideId "24180327"]
[BlackFideId "3507831"]
[WhiteElo "2319"]
[BlackElo "2170"]
[Result "1-0"]
[Round "01"]
[TimeControl "180+1"]
[Date "2022.05.25"]
[WhiteClock "0:01:46"]
[BlackClock "0:01:19"]

1. e4 e5 2. Bb5 Nf6 3. d4 exd4 4. e5 Qe7 5. Qe2 Nd5 6. Nf3 Nc6 7. O-O Qc5 8. c3 dxc3 9. bxc3 Be7 10. c4 Ndb4 11. Be3 O-O 12. Bxc5 Bxc5 13. Nc3 Nd4 14. Qe4 Nbc2 15. Nxd4 Nxd4 16. Na4 Nxb5 17. Nxc5 d6 18. cxb5 dxc5 19. Rac1 Be6 20. Rxc5 1-0


[Site "https://www.chess.com"]

[Event "Titled Tuesday Blitz May 24 Early 2022"]
[White "Yuan, Qingyu"]
[Black "Golizadeh, Asghar"]
[WhiteFideId "8609772"]
[BlackFideId "12505269"]
[WhiteElo "2359"]
[BlackElo "2403"]
[Result "1-0"]
[Round "01"]
[TimeControl "180+1"]
[Date "2022.05.24"]
[WhiteClock "0:00:11"]
[BlackClock "0:00:21"]

1. e4 c5 2. Nf3 g6 3. Bc4 Bg7 4. O-O e6 5. c3 Ne7 6. d4 cxd4 7. Nxd4 O-O 8. Bg5 h6 9. Bh4 d5 10. exd5 exd5 11. Bb3 Nbc6 12. Re1 g5 13. Nxc6 Nxc6 14. Bg3 d4 15. Ba4 Bd7 16. Bc2 Be6 17. Qd3 Re8 18. Nd2 f5 19. Rxe6 Rxe6 20. Bb3 Qf6 21. Re1 Re8 22. cxd4 Nxd4 23. Bxe6+ Rxe6 24. Qc4 Kh7 25. Rxe6 Nxe6 26. Bd6 b5 27. Qxb5 Nd4 28. Qd5 Nc2 29. h3 Kg6 30. Nc4 Nd4 31. Be5 Qe6 32. Qxd4 Bxe5 33. Nxe5+ Kh5 34. g4+ fxg4 35. Qxg4+ Qxg4+ 36. hxg4+ Kh4 37. Kg2 a5 38. f3 a4 39. Ng6# 1-0


[Site "https://www.chess.com"]

[Event "Titled Tuesday Blitz May 24 Early 2022"]
[White "Zanette, Edgard Vinicius"]
[Black "Janaszak, Dawid"]
[WhiteFideId "2109263"]
[BlackFideId "1119206"]
[WhiteElo "2182"]
[BlackElo "2199"]
[Result "0-1"]
[Round "01"]
[TimeControl "180+1"]
[Date "2022.05.25"]
[WhiteClock "0:00:03"]
[BlackClock "0:00:15"]

1. e4 c5 2. Nc3 Nc6 3. g3 d6 4. d3 g6 5. Be3 Nh6 6. h3 f5 7. Qd2 Nf7 8. Nge2 Bg7 9. O-O-O b5 10. d4 b4 11. Nd5 e6 12. Ndf4 cxd4 13. Nxd4 Nxd4 14. Bxd4 e5 15. Bb5+ Kf8 16. Bc6 Bd7 17. Bxa8 Qxa8 18. Qxb4 exd4 19. exf5 gxf5 20. Nh5 Bh6+ 21. f4 Bc6 22. Rhe1 Bf3 23. Nf6 Bxd1 24. Nd7+ Kg8 25. Nf6+ Kf8 26. Qxd4 Bg7 27. Nd7+ Kg8 28. Qxd1 Qd8 29. Qd5 h5 30. Qb7 Rh6 31. Nb8 Kh7 32. Qxf7 Qxb8 33. Qxf5+ Rg6 34. c3 Qf8 35. Qxh5+ Rh6 36. Qg5 Qf6 37. Qxf6 Bxf6 38. h4 Rg6 39. Re3 d5 40. Kc2 d4 41. cxd4 Bxd4 42. Rd3 Rc6+ 43. Kb1 Bg7 44. f5 Rc5 45. g4 Rc4 46. Rg3 Be5 47. Rg2 Rf4 48. a3 a5 49. Ka2 a4 50. Re2 Bd4 51. Re7+ Kg8 52. Re6 Rxg4 53. Ra6 Rg2 54. Rxa4 Rxb2+ 55. Ka1 Rb4+ 56. Ka2 Rxa4 57. Kb3 Ra8 0-1


[Site "https://www.chess.com"]

[Event "Titled Tuesday Blitz May 24 Early 2022"]
[White "Zemlyanskii, Ivan"]
[Black "Sovetbekova, Nurai"]
[WhiteFideId "24249971"]
[BlackFideId "13801910"]
[WhiteElo "1815"]
[BlackElo "1660"]
[Result "1-0"]
[Round "01"]
[TimeControl "180+1"]
[Date "2022.05.25"]
[WhiteClock "0:00:34"]
[BlackClock "0:00:10"]

1. d4 Nf6 2. c4 g6 3. Nc3 d5 4. Nf3 Bg7 5. h4 O-O 6. h5 Nxh5 7. cxd5 c6 8. dxc6 Nxc6 9. e3 Bg4 10. Be2 Nf6 11. d5 Nb4 12. e4 Rc8 13. a3 Rxc3 14. axb4 Nxe4 15. bxc3 Bxc3+ 16. Nd2 Bxe2 17. Kxe2 Qxd5 18. Ra5 Qc6 19. Nxe4 Qxe4+ 20. Be3 Bxb4 21. Rd5 Qxg2 22. Rg1 Qe4 23. Rd4 Qe6 24. Rxb4 f5 25. Qb3 Qxb3 26. Rxb3 1-0


[Site "https://www.chess.com"]

[Event "Titled Tuesday Blitz May 24 Early 2022"]
[White "Zia, Tahsin Tajwar"]
[Black "Matinian, Nikita"]
[WhiteFideId "10211888"]
[BlackFideId "24129100"]
[WhiteElo "1800"]
[BlackElo "2422"]
[Result "1/2-1/2"]
[Round "01"]
[TimeControl "180+1"]
[Date "2022.05.25"]
[WhiteClock "0:00:05"]
[BlackClock "0:00:03"]

1. d4 Nf6 2. Bg5 d5 3. e3 Bf5 4. c4 e6 5. Nc3 Bb4 6. Qb3 Nc6 7. Nf3 h6 8. Bxf6 Qxf6 9. Ne5 Bxc3+ 10. Qxc3 Nxe5 11. dxe5 Qd8 12. cxd5 exd5 13. Bd3 Bxd3 14. Qxd3 O-O 15. O-O Re8 16. f4 c6 17. e4 Qb6+ 18. Kh1 Rad8 19. exd5 Rxd5 20. Qc2 Red8 21. Rad1 Qe3 22. Rde1 Qd2 23. Qb3 Rb5 24. Qh3 Rxb2 25. e6 fxe6 26. Qxe6+ Kh8 27. Qg6 Rf8 28. Re8 Qb4 29. f5 Rxe8 30. Qxe8+ Kh7 31. Qg6+ Kg8 32. f6 Qf8 33. f7+ Kh8 34. h3 Re2 35. a4 Re5 36. a5 a6 37. Qg3 Re6 38. Qb3 Re7 39. Qc4 Kh7 40. Qd3+ g6 41. Qc4 Kg7 42. Qd4+ Kh7 43. Qc4 Kg7 44. Qd4+ Kh7 45. Qc4 1/2-1/2


[Site "https://www.chess.com"]

[Event "Titled Tuesday Blitz May 24 Early 2022"]
[White "Aakanksha Hagawane"]
[Black "Maghsoodloo, Parham"]
[WhiteFideId "25014510"]
[BlackFideId "12539929"]
[WhiteElo "1971"]
[BlackElo "2630"]
[Result "0-1"]
[Round "02"]
[TimeControl "180+1"]
[Date "2022.05.25"]
[WhiteClock "0:00:54"]
[BlackClock "0:02:12"]

1. d4 Nf6 2. Nf3 g6 3. e3 Bg7 4. Bd3 O-O 5. O-O d5 6. b3 c5 7. Bb2 b6 8. Nbd2 Bb7 9. Ne5 Nc6 10. f4 Rc8 11. a3 e6 12. Qe2 Ne7 13. Rad1 Nf5 14. g4 Nd6 15. g5 Nfe4 16. Bxe4 dxe4 17. dxc5 Rxc5 18. b4 Rxc2 19. Bd4 Qc8 20. Qg4 Nf5 21. Ba1 Nxe3 0-1


[Site "https://www.chess.com"]

[Event "Titled Tuesday Blitz May 24 Early 2022"]
[White "Agasarov, Benik"]
[Black "Svane, Rasmus"]
[WhiteFideId "13314823"]
[BlackFideId "4657101"]
[WhiteElo "2632"]
[BlackElo "2674"]
[Result "0-1"]
[Round "02"]
[TimeControl "180+1"]
[Date "2022.05.24"]
[WhiteClock "0:00:18"]
[BlackClock "0:00:48"]

1. d4 Nf6 2. c4 e6 3. Nc3 Bb4 4. Nf3 O-O 5. Bg5 c5 6. e3 cxd4 7. exd4 d5 8. a3 Bxc3+ 9. bxc3 h6 10. Bh4 Qa5 11. Rc1 Nbd7 12. Bd3 dxc4 13. Bxc4 b6 14. O-O Ba6 15. Bxa6 Qxa6 16. Qb3 Rfc8 17. Rfe1 Qc4 18. Qxc4 Rxc4 19. Nd2 Ra4 20. Ra1 b5 21. Reb1 a6 22. Rb4 Rxb4 23. axb4 Nd5 24. Ra3 N7b6 25. Bg3 Na4 26. c4 Nxb4 27. cxb5 axb5 28. Rb3 Nc6 29. Rxb5 Nxd4 30. Rb8+ Rxb8 31. Bxb8 Nb6 32. Ba7 Ne2+ 33. Kf1 Nc8 34. Kxe2 Nxa7 35. f4 Nc6 36. Ke3 Kf8 37. g4 Ke7 38. Nf3 f5 39. h3 Kf6 40. g5+ hxg5 41. Nxg5 e5 42. Nh7+ Kg6 43. Nf8+ Kf7 44. Nd7 e4 45. h4 Ke6 46. Nf8+ Ke7 47. Nh7 Nd8 48. Ng5 Ne6 49. Nh3 Nc7 50. Kd4 Kd6 51. Ng5 Ne6+ 52. Ke3 Nxg5 53. fxg5 Ke5 54. h5 f4+ 55. Ke2 Kf5 56. h6 gxh6 57. gxh6 Kg6 0-1


[Site "https://www.chess.com"]

[Event "Titled Tuesday Blitz May 24 Early 2022"]
[White "Aggelis, Nikolaos"]
[Black "Yeletsky, Ivan"]
[WhiteFideId "4213220"]
[BlackFideId "24180327"]
[WhiteElo "2154"]
[BlackElo "2319"]
[Result "0-1"]
[Round "02"]
[TimeControl "180+1"]
[Date "2022.05.25"]
[WhiteClock "0:00:32"]
[BlackClock "0:00:07"]

1. d4 d6 2. g3 e5 3. dxe5 dxe5 4. Qxd8+ Kxd8 5. e4 c6 6. a4 a5 7. Bc4 f6 8. Be3 Nd7 9. Ne2 Bc5 10. Kd2 Kc7 11. Nc1 h5 12. Nd3 Bxe3+ 13. Kxe3 h4 14. Na3 Ne7 15. Rad1 Ng6 16. f3 Ngf8 17. Bb3 g5 18. Nc4 Ng6 19. f4 Nb6 20. Nd6 exf4+ 21. gxf4 Kxd6 22. Ne5+ Nd5+ 23. exd5 fxe5 24. dxc6+ Kxc6 25. Bd5+ Kc7 26. fxg5 Bg4 27. Bf3 Bxf3 28. Kxf3 Raf8+ 29. Ke3 Rd8 30. Rhf1 Rxd1 31. Rxd1 Rf8 32. b3 b6 33. Rd5 Rf1 34. Ke4 Re1+ 35. Kf3 Kc6 36. Rd8 Nf4 37. Rg8 Kd5 38. g6 Ke6 39. Rb8 Nxg6 40. Rxb6+ Kf5 41. Rb5 Rh1 42. Kg2 Rc1 43. c4 Nf4+ 44. Kf3 Rc3+ 45. Kf2 Ke4 46. Rxa5 Rc2+ 47. Ke1 Rxh2 48. Ra8 h3 49. Rh8 Rb2 50. a5 Rxb3 51. a6 Ra3 52. Rh6 Ke3 53. Kd1 Ra1+ 54. Kc2 h2 55. a7 Rxa7 56. Rxh2 Ra2+ 0-1


[Site "https://www.chess.com"]

[Event "Titled Tuesday Blitz May 24 Early 2022"]
[White "Ambartsumova, Karina"]
[Black "Shipov, Sergei"]
[WhiteFideId "4166299"]
[BlackFideId "4113624"]
[WhiteElo "2262"]
[BlackElo "2801"]
[Result "0-1"]
[Round "02"]
[TimeControl "180+1"]
[Date "2022.05.24"]
[WhiteClock "0:00:03"]
[BlackClock "0:01:16"]

1. d4 d5 2. Nf3 e6 3. c4 dxc4 4. Qa4+ c6 5. Qxc4 b5 6. Qc2 Bb7 7. Nc3 Nd7 8. Bf4 Rc8 9. e3 a6 10. Be2 c5 11. dxc5 Bxc5 12. O-O Ngf6 13. a3 O-O 14. Rad1 Qb6 15. b4 Be7 16. Qb2 h6 17. h3 Rfd8 18. Rc1 Qa7 19. Rfd1 Qa8 20. Ne1 Nb6 21. Rxd8+ Bxd8 22. Be5 Nc4 23. Bxc4 Rxc4 24. Ne2 Qc8 25. Rxc4 Qxc4 26. Nf4 Be7 27. Nfd3 Qe4 28. Bd4 Qd5 29. Nc5 Bc8 30. Qc2 Ne8 31. Bb2 Nd6 32. e4 Qa2 33. Ncd3 Nc4 34. Qc3 f6 35. Bc1 Bb7 36. Nc5 Bxc5 37. bxc5 Bxe4 38. f3 Bd5 39. Nd3 Qe2 40. Nf4 Qd1+ 41. Kh2 Kf7 42. Nxd5 Qxd5 43. Qb4 Qc6 44. a4 e5 45. h4 h5 46. axb5 Qxb5 47. Qxb5 axb5 48. g4 g6 49. Kg3 Ke6 50. Kf2 Kd5 51. Ke2 Kxc5 52. Bh6 Kd5 53. Bg7 f5 54. gxf5 gxf5 55. Kd3 Nd6 56. Kc3 f4 57. Bh8 Nf5 58. Bf6 Nd4 0-1


[Site "https://www.chess.com"]

[Event "Titled Tuesday Blitz May 24 Early 2022"]
[White "Amgalantengis, Enkh-Amgalan"]
[Black "Drygalov, Sergey"]
[WhiteFideId "4903536"]
[BlackFideId "24171743"]
[WhiteElo "1719"]
[BlackElo "2514"]
[Result "0-1"]
[Round "02"]
[TimeControl "180+1"]
[Date "2022.05.24"]
[WhiteClock "0:00:05"]
[BlackClock "0:00:16"]

1. d4 Nf6 2. c4 e6 3. Nc3 Bb4 4. f3 c5 5. d5 O-O 6. e4 b5 7. cxb5 exd5 8. exd5 Re8+ 9. Kf2 a6 10. bxa6 Nxa6 11. Nh3 d6 12. Nf4 Nc7 13. g4 Nd7 14. Kg3 Ne5 15. Nb5 Bb7 16. Nxc7 Qxc7 17. Bb5 Re7 18. h4 c4 19. a4 Qc5 20. Bd2 f5 21. g5 Ng6 22. Rc1 Bxd2 23. Qxd2 Re3 24. Rxc4 Qb6 25. Qd4 Qxd4 26. Rxd4 Ne5 27. Rf1 Rc8 28. Rf2 h6 29. a5 hxg5 30. hxg5 Ra8 31. b4 Kf7 32. Bf1 Rb3 33. Nd3 Ng6 34. f4 Ba6 35. Rf3 Re8 36. Kf2 Nh4 37. Re3 Rc8 38. Kg3 Ng6 39. Be2 Rcc3 40. Kf2 Ne7 41. Ke1 Ra3 42. Kd2 Rcb3 43. Kc2 Rc3+ 44. Kd2 Rcb3 45. Kc2 Bb7 46. Rh3 Bxd5 47. Bf1 Ra2+ 48. Kc1 Rba3 49. Kb1 Be4 50. Rxe4 fxe4 51. Nc1 Rxh3 52. Nxa2 Rf3 53. Bc4+ d5 54. Bb5 e3 55. a6 Nc8 56. Bd7 Nb6 57. Bb5 Rf2 58. Nc1 d4 59. Nd3 Rd2 60. Nc1 Ke6 61. Bc6 Kd6 62. Bf3 d3 63. b5 e2 64. Nxd3 Rd1+ 65. Kc2 e1=Q 66. Nxe1 Rxe1 67. Kd2 Ra1 68. Ke3 g6 69. Be2 Ra3+ 70. Bd3 Nd5+ 71. Kd4 Ra4+ 72. Bc4 Nb6 73. Kc3 Rxc4+ 74. Kb3 Rxf4 75. a7 Ra4 76. a8=Q Rxa8 77. Kb4 Ra4+ 78. Kb3 Kc5 79. Kc3 Ra3+ 80. Kb2 Rg3 0-1


[Site "https://www.chess.com"]

[Event "Titled Tuesday Blitz May 24 Early 2022"]
[White "Antipov, Mikhail Al."]
[Black "Kruckenhauser, Arthur"]
[WhiteFideId "4107012"]
[BlackFideId "1642812"]
[WhiteElo "2512"]
[BlackElo "2243"]
[Result "1-0"]
[Round "02"]
[TimeControl "180+1"]
[Date "2022.05.24"]
[WhiteClock "0:00:08"]
[BlackClock "0:00:03"]

1. e4 c5 2. Nf3 Nc6 3. Bb5 e6 4. O-O Nge7 5. d4 cxd4 6. Nxd4 Ng6 7. Be3 Be7 8. Nc3 O-O 9. f4 a6 10. Be2 b5 11. Qe1 Bb7 12. a3 Qc7 13. f5 Nxd4 14. Bxd4 Bc5 15. Bxc5 Qxc5+ 16. Kh1 Ne5 17. f6 gxf6 18. Qh4 Ng6 19. Qxf6 Qe5 20. Qf2 Rac8 21. Rad1 Rc7 22. Bf3 a5 23. Qb6 Bc6 24. Qxa5 Nh4 25. Qb4 f5 26. Be2 Rf7 27. Bd3 Rg7 28. g3 Rg4 29. gxh4 Rxh4 30. Rd2 d6 31. Rg1+ Rg7 32. Rxg7+ Kxg7 33. Qa5 Kf6 34. Qd8+ Kf7 35. Qxh4 fxe4 36. Bxe4 d5 37. Rf2+ Ke8 38. Bg2 Qe1+ 39. Bf1 d4+ 40. Kg1 dxc3 41. Rf8+ 1-0


[Site "https://www.chess.com"]

[Event "Titled Tuesday Blitz May 24 Early 2022"]
[White "Araujo Filho, Luiz Antonio Coel"]
[Black "Sjoberg, Isak"]
[WhiteFideId "2130661"]
[BlackFideId "1521640"]
[WhiteElo "2234"]
[BlackElo "2037"]
[Result "1-0"]
[Round "02"]
[TimeControl "180+1"]
[Date "2022.05.25"]
[WhiteClock "0:00:04"]
[BlackClock "0:00:28"]

1. d4 Nf6 2. Nf3 g6 3. c4 Bg7 4. Nc3 O-O 5. e4 d6 6. Be2 e5 7. dxe5 dxe5 8. O-O Qxd1 9. Rxd1 c6 10. h3 Be6 11. Be3 Nbd7 12. Rac1 h6 13. b4 Rfd8 14. b5 Nb6 15. bxc6 bxc6 16. Rxd8+ Rxd8 17. Nxe5 Nxe4 18. Nxc6 Nxc3 19. Rxc3 Rd6 20. Ne7+ Kf8 21. Ra3 Kxe7 22. c5 Rc6 23. cxb6 axb6 24. Ra7+ Kf8 25. Bb5 Rc2 26. Bxb6 Be5 27. Be3 Rb2 28. Bxh6+ Kg8 29. g4 Rb1+ 30. Kg2 Bd5+ 31. f3 Rb2+ 32. Kf1 Bxf3 33. Bc4 Rb1+ 34. Kf2 Bd4+ 35. Kxf3 Bxa7 36. Bb3 Kh7 37. Bf4 f5 38. gxf5 gxf5 39. h4 Kg6 40. Bc2 Rb2 41. Bb3 Rf2+ 42. Kg3 Rb2 43. Bg5 Kh5 44. Kf4 Rf2+ 45. Ke5 f4 46. Kf5 Rd2 47. Bf7# 1-0


[Site "https://www.chess.com"]

[Event "Titled Tuesday Blitz May 24 Early 2022"]
[White "Araujo Sanchez, Josue"]
[Black "Namitbir Singh Walia"]
[WhiteFideId "6416896"]
[BlackFideId "35071068"]
[WhiteElo "2339"]
[BlackElo "1565"]
[Result "0-1"]
[Round "02"]
[TimeControl "180+1"]
[Date "2022.05.25"]
[WhiteClock "0:01:07"]
[BlackClock "0:00:23"]

1. e4 e5 2. Nf3 Nc6 3. Bb5 a6 4. Ba4 Nf6 5. Qe2 b5 6. Bb3 Be7 7. O-O O-O 8. d3 d6 9. c3 Na5 10. Bc2 c5 11. h3 h6 12. Rd1 Qc7 13. d4 Re8 14. d5 Nc4 15. b3 Nb6 16. Nbd2 Bd7 17. Nf1 c4 18. b4 a5 19. g4 axb4 20. cxb4 Nh7 21. Ng3 Na4 22. Re1 Nc3 23. Qe3 Nxa2 24. Ba3 Ng5 25. Nxg5 Bxg5 26. Qf3 Bd2 27. Red1 Nxb4 28. Rxd2 c3 29. Re2 Nxc2 30. Rxc2 b4 31. Kg2 Rec8 32. h4 Rxa3 33. Rxa3 bxa3 34. Ne2 Qa5 35. Rxc3 Rxc3 36. Qxc3 Qxc3 37. Nxc3 Bxg4 38. f3 Bd7 0-1


[Site "https://www.chess.com"]

[Event "Titled Tuesday Blitz May 24 Early 2022"]
[White "Avazkhonov, Alikhon"]
[Black "Gaehwiler, Gabriel"]
[WhiteFideId "14208504"]
[BlackFideId "1314530"]
[WhiteElo "1739"]
[BlackElo "2383"]
[Result "0-1"]
[Round "02"]
[TimeControl "180+1"]
[Date "2022.05.25"]
[WhiteClock "0:00:03"]
[BlackClock "0:00:20"]

1. f4 c5 2. Nf3 g6 3. g3 Bg7 4. Bg2 Nh6 5. O-O O-O 6. d3 d5 7. e4 Nc6 8. exd5 Qxd5 9. Nc3 Qd8 10. h3 Nf5 11. g4 Nfd4 12. Be3 Bd7 13. Qd2 Rc8 14. Ng5 b6 15. Rae1 f5 16. Qd1 h6 17. gxf5 Bxf5 18. Nge4 Qd7 19. Kh2 Kh7 20. Ng3 Be6 21. h4 Nf5 22. Be4 Nxg3 23. Kxg3 Bf5 24. Rg1 Bf6 25. h5 Rg8 26. Kh2 e6 27. hxg6+ Kg7 28. Qh5 Ne7 29. Rg3 Rh8 30. Reg1 Rcf8 31. Bxf5 Nxf5 32. Rh3 Qe7 33. Ne4 Qd7 34. Nxf6 Rxf6 35. Bd2 Nd4 36. Bc3 Qd6 37. Qe5 Qxe5 38. fxe5 Rf2+ 39. Rg2 Rxg2+ 40. Kxg2 Nf5 41. Kf3 Kxg6 42. Ke4 h5 43. Bd2 h4 44. Be1 Kh5 45. c3 Kg4 46. Rh1 h3 47. Rg1+ Kh5 48. Kf4 h2 49. Rh1 Kg6 50. Bg3 Rh3 51. Bxh2 Rxd3 52. Rg1+ Kf7 53. Bg3 Rd2 54. Rb1 Rd3 55. Bf2 Rd2 56. Be3 Rc2 57. Ke4 Ke7 58. Kd3 Rg2 59. Bd2 Kd7 60. Rf1 c4+ 61. Kc2 Ne3+ 0-1


[Site "https://www.chess.com"]

[Event "Titled Tuesday Blitz May 24 Early 2022"]
[White "Balint, Vilmos"]
[Black "Alinasab, Mobina"]
[WhiteFideId "718050"]
[BlackFideId "12528897"]
[WhiteElo "2059"]
[BlackElo "2031"]
[Result "0-1"]
[Round "02"]
[TimeControl "180+1"]
[Date "2022.05.25"]
[WhiteClock "0:01:21"]
[BlackClock "0:02:05"]

1. e4 c5 2. Nf3 e6 3. c4 Nc6 4. Nc3 e5 5. Be2 d6 6. O-O g6 7. d3 Bg7 8. a3 Nge7 9. Rb1 O-O 10. b4 b6 11. Nd5 Nxd5 12. cxd5 Nd4 13. Nxd4 exd4 14. b5 f5 15. Bf3 fxe4 16. Bxe4 Qh4 17. g3 Qf6 18. h4 Bh3 19. Bg5 Qf7 20. Bg2 Bxg2 21. Kxg2 Qxd5+ 22. Kh2 Rf3 23. Bf4 Be5 24. Qb3 Qxb3 25. Rxb3 Bxf4 26. Kg2 Rxd3 27. Rxd3 Be5 28. f4 Bf6 29. Rc1 d5 30. Rdd1 c4 31. Re1 Kf7 32. h5 d3 33. hxg6+ hxg6 34. Rh1 d2 35. Rc2 c3 36. Kf3 Re8 37. Kf2 d4 38. Rd1 d3 39. Rcxd2 cxd2 40. Rxd2 Bd4+ 41. Kf3 Re3+ 42. Kg4 Bc3 43. Rd1 d2 0-1


[Site "https://www.chess.com"]